 Dungeon Crawl Stone Soup version 0.14-a0-1837-g7fb8695 (webtiles) character file.

5036 Jenx the Grappler (level 10, -2/98 HPs)
             Began as a Troll Monk on Jan 10, 2014.
             Was a High Priest of Okawaru.
             Shot with an arrow of flame by a centaur (8 damage)
             ... on Level 9 of the Dungeon.
             The game lasted 00:24:16 (7033 turns).

Jenx the Grappler (Troll Monk)                      Turns: 7033, Time: 00:24:17

HP  -2/98        AC  5     Str 21      XL: 10   Next: 21%
MP  12/12        EV 12     Int  6      God: Okawaru [*****.]
Gold 335         SH  0     Dex 15      Spells:  0 memorised,  9 levels left

rFire  . . .     SeeInvis .       - Unarmed
rCold  . . .     Clarity  .     Y - +0 animal skin
rNeg   . . .     Conserve .     (shield restricted)
rPois  +         rCorr    .     (helmet restricted)
rElec  .         rRot     .     (no cloak)
SustAb . .       Spirit   .     (gloves unavailable)
rMut   +         Warding  .     (boots unavailable)
Gourm  +         Stasis   .     M - cursed amulet of resist mutation
                                (no ring)
                                E - ring of poison resistance

@: drained, somewhat resistant to hostile enchantments, unstealthy
A: unfitting armour, claws 3, fast metabolism 3, gourmand, regeneration 2,
saprovore 2, shaggy fur 1, tough skin 2
a: Heroism, Finesse, Renounce Religion


You were on level 9 of the Dungeon.
You worshipped Okawaru.
Okawaru was extremely pleased with you.
You were very full.

You visited 1 branch of the dungeon, and saw 9 of its levels.
You also visited: Sewer and Ossuary.

You collected 416 gold pieces.
You spent 81 gold pieces at shops.

Inventory:

Hand weapons
 a - a +0,+0 giant club
 b - a +0 blowgun
 j - the +3,+7 great mace of the Unliving {drain, +Blink +Inv Int-2 SInv}
   (You found it on level 8 of the Dungeon)

   A truly terrible weapon, it drains the life of those it strikes.
   It affects your intelligence (-2).
   It enhances your eyesight.
   It lets you turn invisible.
   It lets you blink.
 w - a cursed +2,+3 battleaxe of freezing
 I - a cursed +0,+1 vampiric cutlass
 K - a cursed +2,+2 dagger of freezing
 N - a cursed +1,+3 halberd
 V - a cursed +1,+2 dagger
Missiles
 g - 17 darts of flame
 y - 7 tomahawks (quivered)
 D - 2 curare-tipped needles
 J - 8 poisoned needles
Armour
 v - a +1 cloak of darkness
 Y - a +0 animal skin (worn)
Magical devices
 U - a wand of digging (11)
Comestibles
 o - 2 pears
 r - 2 chokos
 z - 8 meat rations
 F - 2 honeycombs
 G - 2 bread rations
 P - an apple
 Q - 17 cheeses
Scrolls
 c - a scroll of curse jewellery {unknown}
 d - a scroll of enchant armour {unknown}
 f - 3 scrolls of remove curse
 h - 4 scrolls of teleportation
 q - a scroll of curse weapon {unknown}
 x - a scroll of enchant weapon II
 A - 3 scrolls of identify
 H - a scroll of enchant weapon I {unknown}
 L - a scroll of random uselessness {unknown}
 R - a scroll of fear
 T - a scroll of immolation {unknown}
Jewellery
 s - an uncursed ring of teleport control
 E - a ring of poison resistance (left claw)
 M - a cursed amulet of resist mutation (around neck)
Potions
 e - 3 potions of heal wounds
 i - 2 potions of speed
 k - 4 potions of brilliance
 l - 2 potions of resistance
 m - 2 potions of might
 t - 8 potions of curing
 u - a potion of magic {unknown}
 C - 2 potions of agility {unknown}
 O - a potion of restore abilities {unknown}


   Skills:
 + Level 5.7(5.3) Fighting
 - Level 4.3(3.9) Throwing
 + Level 5.8(5.4) Dodging
 - Level 1.1(0.7) Stealth
 - Level 10.2(9.7) Unarmed Combat
 - Level 5.0(4.6) Invocations


You had 9 spell levels left.
You didn't know any spells.

Dungeon Overview and Level Annotations

Branches:
Dungeon (9/16)             Temple (0/1) D:5
    Orc: D:9-12        Lair: D:8-11

Altars:
Nemelex Xobeh
Okawaru
Trog
Xom

Shops:
D:9 *


Innate Abilities, Weirdness & Mutations

You are too large for most types of armour.
You have claws for hands.
Your metabolism is lightning-fast.
You like to eat raw meat.
You heal very quickly.
You can eat rotten meat.
You are covered in fur (AC +1).
You have very tough skin (AC +2).


Message History

Throwing (i - inventory. (,) - cycle):
y - 9 tomahawks (quivered)
Press: ? - help, Shift-Dir - straight line, f/p - centaur
Aim: a centaur, wielding a bow of flame (heavily wounded)
You throw a tomahawk. The tomahawk hits the centaur.
The centaur is heavily wounded.
The centaur shoots an arrow of flame.
The arrow of flame hits you!
* * * LOW HITPOINT WARNING * * *
The centaur shoots an arrow of flame.
The arrow of flame hits you!
You see here an arrow.
Throwing (i - inventory. (,) - cycle):
y - 8 tomahawks (quivered)
Press: ? - help, Shift-Dir - straight line, f/p - centaur
Aim: a centaur, wielding a bow of flame (heavily wounded)
You throw a tomahawk. The tomahawk hits the centaur.
The centaur is severely wounded.
The centaur shoots an arrow of flame.
The arrow of flame hits you!
Your scroll of magic mapping catches fire!
* * * LOW HITPOINT WARNING * * *
The centaur shoots an arrow of flame.
The arrow of flame hits you!
Your scroll labeled CHEFUNW QENUSCH catches fire!
You die...

#.. #..... #......
#.(..... #.c......
#...........
#..............
#...............
#@...............
#.(..............#
#(...............#
#................#
#................#
#................#
#................#
#................#
#......<.........#


You could see a centaur.

Vanquished Creatures
  The ghost of Jenx the Spear-Bearer, an experienced MfSk of Ashenzari (D:5)
  A troll (D:8)
  A wandering mushroom (D:9)
  Eustachio (D:6)
  A hippogriff (D:8)
  A hungry ghost (D:7)
  A phantom (D:7)
  Purgy (Sewer)
  2 orc warriors
  A giant goldfish (D:9)
  2 black bears
  2 sky beasts
  2 centaurs
  3 ogres
  A giant frog (D:6)
  The ghost of Herrn the Skirmisher, a weakling DjFi (D:3)
  12 wights
  A centaur zombie (Ossuary)
  9 crimson imps
  2 human zombies (Ossuary)
  4 orc priests
  3 scorpions
  3 jellies
  2 hounds
  An orc wizard (D:8)
  3 iguanas
  An orange rat (D:7)
  7 worker ants
  2 big kobold zombies
  A hound skeleton (D:7)
  2 hound zombies (Ossuary)
  4 mummies
  A worker ant zombie (D:6)
  A gnoll (D:6)
  3 green rats (D:7)
  A giant centipede (D:5)
  10 adders
  4 giant mites
  5 worms
  An adder skeleton (D:7)
  8 adder zombies (Ossuary)
  6 grey rats
  3 giant geckos
  24 orcs
  7 ball pythons
  7 giant cockroaches
  13 goblins
  14 hobgoblins
  11 jackals
  An ooze (D:3)
  6 quokkas
  17 bats
  8 giant newts
  A giant newt zombie (D:5)
  A giant spore (D:8)
  A gnoll zombie (Ossuary)
  5 goblin zombies (Ossuary)
  4 hobgoblin zombies
  3 jackal zombies (Ossuary)
  15 kobolds
  A kobold skeleton (D:6)
  7 kobold zombies
  3 orc zombies (Ossuary)
  A quokka skeleton (D:7)
  26 rats
  2 rat zombies
  3 ballistomycetes (D:8)
  A toadstool (D:1)
304 creatures vanquished.

Vanquished Creatures (others)
  A fungus (D:9)
  3 toadstools (D:1)
4 creatures vanquished.

Grand Total: 308 creatures vanquished

Notes
Turn   | Place    | Note
--------------------------------------------------------------
     0 | D:1      | Jenx, the Troll Monk, began the quest for the Orb.
     0 | D:1      | Reached XP level 1. HP: 22/22 MP: 1/1
   324 | D:1      | Reached XP level 2. HP: 29/29 MP: 1/1
   421 | D:1      | Found a shimmering altar of Xom.
   702 | D:2      | Found a sparkling altar of Nemelex Xobeh.
   730 | D:2      | Reached skill level 5 in Unarmed Combat
   730 | D:2      | Reached XP level 3. HP: 32/36 MP: 2/2
  1351 | D:2      | Reached XP level 4. HP: 41/44 MP: 2/2
  1455 | D:3      | Noticed Herrn's ghost (weakling DjFi)
  1489 | D:3      | Killed Herrn's ghost
  1489 | D:3      | Reached skill level 6 in Unarmed Combat
  1519 | D:3      | Found an iron altar of Okawaru.
  1536 | D:3      | Became a worshipper of Warmaster Okawaru
  1536 | D:3      | Acquired Okawaru's first power
  1563 | D:3      | Reached XP level 5. HP: 50/50 MP: 2/2
  2374 | D:4      | Found a glowing drain.
  2381 | Sewer    | Entered a sewer
  2414 | Sewer    | Noticed Purgy
  2423 | Sewer    | Killed Purgy
  2423 | Sewer    | Reached skill level 7 in Unarmed Combat
  2423 | Sewer    | Reached XP level 6. HP: 38/59 MP: 0/3
  3082 | D:4      | Reached skill level 8 in Unarmed Combat
  3253 | D:4      | Noticed an ogre
  3257 | D:4      | Killed an ogre
  3296 | D:5      | Entered Level 5 of the Dungeon
  3299 | D:5      | Reached XP level 7. HP: 66/66 MP: 3/3
  3321 | D:5      | Noticed Jenx's ghost (experienced MfSk)
  3331 | D:5      | Killed Jenx's ghost
  3331 | D:5      | Reached skill level 9 in Unarmed Combat
  3334 | D:5      | Reached skill level 10 in Unarmed Combat
  3400 | D:5      | Reached XP level 8. HP: 70/74 MP: 3/3
  3500 | D:5      | Found a staircase to the Ecumenical Temple.
  3645 | D:5      | Reached skill level 1 in Invocations
  4366 | D:6      | Reached skill level 5 in Invocations
  4419 | D:6      | Found a bloodstained altar of Trog.
  4419 | D:6      | Found an iron altar of Okawaru.
  4461 | D:6      | Reached skill level 1 in Throwing
  4503 | D:6      | Noticed Eustachio
  4510 | D:6      | Killed Eustachio
  4522 | D:6      | Reached XP level 9. HP: 22/80 MP: 11/11
  4774 | D:6      | Acquired Okawaru's second power
  5851 | D:8      | Found a sand-covered staircase.
  5859 | Ossuary  | Entered an ossuary
  6255 | D:8      | Reached skill level 5 in Fighting
  6255 | D:8      | Reached skill level 5 in Dodging
  6411 | D:8      | Reached XP level 10. HP: 96/96 MP: 12/12
  6464 | D:8      | Found a bloodstained altar of Trog.
  6754 | D:8      | Got a slimy great mace
  6813 | D:8      | Identified the +3,+7 great mace of the Unliving {drain, +Blink +Inv Int-2 SInv} (You found it on level 8 of the Dungeon)
  6919 | D:9      | Found Phyegy's Assorted Antiques.
  6929 | D:9      | Bought a scroll of teleportation for 81 gold pieces
  7033 | D:9      | Shot with an arrow of flame by a centaur

Action                   |  1- 3 |  4- 6 |  7- 9 | 10-12 || total
-------------------------+-------+-------+-------+-------++-------
Melee: Unarmed           |    79 |   188 |   449 |    62 ||   778
       Giant club        |       |       |     1 |       ||     1
 Fire: Blowgun           |       |       |     2 |       ||     2
Throw: Tomahawk          |       |     1 |     3 |     5 ||     9
Invok: Heroism           |       |     1 |     3 |       ||     4
Evoke: Wand              |       |       |     1 |       ||     1
  Use: Scroll            |       |     4 |    10 |     4 ||    18
 Stab: Sleeping          |     3 |     1 |     4 |     1 ||     9
       Distracted        |       |       |     1 |       ||     1
